 Dungeon Crawl Stone Soup version 0.31-a0-764-g8440623082 (webtiles) character file.

Game seed: 5498476549887038533

506 Revguard the Trooper (level 7, -5/55 HPs)
             Began as a Human Fighter on Sept 15, 2023.
             Was a Believer of Zin.
             Slain by a gnoll
             ... wielding a +0 halberd
             ... led by a gnoll bouda
              (10 damage)
             ... on level 5 of the Dungeon.
             The game lasted 00:11:45 (3825 turns).

Revguard the Trooper (Human Fighter)                Turns: 3825, Time: 00:11:45

Health: -5/55      AC:  9    Str: 19    XL:     7   Next: 41%
Magic:  7/8        EV: 10    Int: 10    God:    Zin [**....]
Gold:   236        SH:  5    Dex: 13    Spells: 6/6 levels left

rFire   . . .        a - +1 war axe (heavy)
rCold   . . .        c - +0 buckler
rNeg    . . .        b - +0 scale mail
rPois   ∞            (no helmet)
rElec   .            l - +0 cloak
rCorr   .            (no gloves)
SInv    .            i - +0 pair of boots
Will    .....        (no amulet) Stlth
                     (no ring)
HPRegen 0.29/turn    (no ring)
MPRegen 0.11/turn

%: no passive effects
@: vitalised, on recite cooldown, invisible
A: no striking features
a: Renounce Religion, Recite, Vitalisation, Donate Gold


You were on level 5 of the Dungeon.
You worshipped Zin.
Zin was pleased with you.
You visited 2 branches of the dungeon, and saw 6 of its levels.
You also visited: Sewer.

You collected 262 gold pieces.
You donated 26 gold pieces to Zin.

Inventory:

Hand Weapons
 a - a +1 heavy war axe (weapon)
Armour
 b - a +0 scale mail (worn)
 c - a +0 buckler (worn)
 i - a +0 pair of boots (worn)
 l - a +0 cloak (worn)
Jewellery
 f - a ring of fire
 h - a ring of ice
Wands
 q - a wand of flame (10)
Scrolls
 k - 6 scrolls of enchant weapon
 p - a scroll of fog
 r - 4 scrolls of teleportation
Potions
 d - a potion of mutation
 e - 3 potions of haste
 g - 2 potions of magic
 j - a potion of ambrosia
 o - a potion of lignification
 s - a potion of resistance


   Skills:
 * Level 4.5 Fighting
 + Level 3.2 Axes
 + Level 3.7 Armour
 + Level 2.1 Dodging
 * Level 4.5 Shields
 + Level 2.3 Invocations
 + Level 1.9 Evocations


You had 6 spell levels left.
You didn't know any spells.
Your spell library contained the following spells:

 Spells                   Type           Power      Damage    Failure   Level
 Sandblast                Erth           0%         2d4       80%         1
 Lesser Beckoning         Tloc           0%         N/A       91%         2
 Passwall                 Tmut/Erth      0%         N/A       91%         2
 Sublimation of Blood     Necr           0%         N/A       91%         2
 Wereblood                Tmut           0%         N/A       91%         2
 Gell's Gravitas          Tloc           0%         N/A       99%         3
 Stone Arrow              Conj/Erth      0%         3d7       99%         3
 Teleport Other           Tloc           0%         N/A       99%         3
 Vhi's Electric Charge    Tloc/Air       0%         N/A       100%        4
 Arcjolt                  Conj/Air       0%         1d10      100%        5
 Plasma Beam              Fire/Air       0%         2x1d10    100%        6
 Summon Hydra             Summ           0%         N/A       100%        7


Dungeon Overview and Level Annotations

Branches:
Dungeon (5/15)             Temple (1/1) D:4           Sewer (visited)

Altars:
Cheibriados
Dithmenos
Elyvilon
Fedhas
Okawaru
Ru
Trog
Uskayaw
Vehumet
Xom
Yredelemnul
Zin


Message History

You finish reciting Apostates 14:25.
The hound barely misses you. The gnoll closely misses you.
The orc is lost in a daze.
The hound bites you but does no damage. The gnoll bouda misses you.
The gnoll hits you but does no damage. You block the gnoll's attack.
The orc hits you but does no damage. The hound barely misses you.
The gnoll bouda closely misses you. The gnoll barely misses you.
You slice the gnoll bouda!!
You kill the gnoll bouda!
You closely miss the orc. You barely miss the hound. You slash the orc wizard!
The gnoll is no longer moving quickly.
You block the hound's attack.
The gnoll hits you from afar with a +0 halberd!
You block the orc's attack. The hound barely misses you.
The orc wizard hits you with a +0 dagger.
* * * LOW HITPOINT WARNING * * *
The gnoll barely misses you.
The gnoll hits you from afar with a +0 halberd.
* * * LOW HITPOINT WARNING * * *
You block the orc's attack. The hound bites you but does no damage.
The gnoll misses you. You block the gnoll's attack. You block the orc's attack.
The orc wizard hits you with a +0 dagger.
* * * LOW HITPOINT WARNING * * *
The orc wizard hits itself with a +0 dagger.
The gnoll hits you with a +0 spear.
* * * LOW HITPOINT WARNING * * *
The hound closely misses you.
It was a potion of invisibility.
You fade into invisibility!
The gnoll closely misses you. The hound closely misses you. The orc misses you.
You block the gnoll's attack.
You slash the gnoll!
You kill the gnoll!
You barely miss the gnoll. You slash the orc wizard!
You kill the orc wizard!
You closely miss the orc. You slash the hound!
You kill the hound!
You block the gnoll's attack. You block the orc's attack.
The gnoll hits you with a +0 halberd!
You die...

#...#.#.#.# #.#.......#
#...#.#$#.# ..........#
....#.#.#.# ....(
..........# ....#
.......)g.# #...#
......)@)# #...##
......o).# #....#
........## ##....#
.........## #......
..........#### ##......
.............# #.......
.........###.####.......
.........# #..........##
.........# ####.#.......


You could see a gnoll (unable to see you) and an orc (unable to see you, dazed).

Vanquished Creatures
  2 bullfrogs (Sewer)
  A hound (D:5)
  A gnoll bouda (D:5)
  An iguana (D:5)
  2 sleepcaps (D:5)
  An orc wizard (D:5)
  11 adders
  2 gnolls (D:5)
  4 river rats
  A shadow imp (D:5)
  4 worms
  A dart slug (D:1)
  6 orcs
  4 endoplasms
  5 giant cockroaches
  2 goblins (D:1)
  6 hobgoblins
  8 kobolds
  2 quokkas (D:1)
  18 ball pythons
  8 bats
  5 frilled lizards
  37 rats
132 creatures vanquished.

Notes
Turn   | Place    | Note
-------+----------+-------------------------------------------
     0 | D:1      | Revguard the Human Fighter began the quest for the Orb.
     0 | D:1      | Reached XP level 1. HP: 18/18 MP: 1/1
    76 | D:1      | Reached XP level 2. HP: 15/24 MP: 2/2
   275 | D:1      | Reached XP level 3. HP: 29/29 MP: 3/3
   738 | D:2      | You fall into a shaft and drop 2 floors!
   803 | D:3      | Reached XP level 4. HP: 32/35 MP: 4/4
   877 | D:3      | Found a white marble altar of Elyvilon.
   886 | D:3      | Became a worshipper of Elyvilon the Healer
   895 | D:3      | Reached skill level 1 in Invocations
   911 | D:3      | Found a glowing drain.
   919 | D:3      | Reached skill level 1 in Evocations
   922 | D:3      | Reached skill level 1 in Dodging
   936 | Sewer    | Entered a sewer
  1032 | Sewer    | Reached XP level 5. HP: 41/41 MP: 5/5
  1381 | Sewer    | Noticed a bullfrog
  1382 | Sewer    | Noticed a bullfrog
  1388 | Sewer    | Killed a bullfrog
  1389 | Sewer    | Reached XP level 6. HP: 34/48 MP: 7/7
  1615 | D:3      | Reached * piety under Elyvilon
  1740 | D:3      | Found a shimmering altar of Xom.
  1754 | D:3      | Found an iron altar of Okawaru.
  2197 | D:2      | Found a faded altar of an unknown god.
  2834 | D:4      | Found a snail-covered altar of Cheibriados.
  2857 | D:4      | Reached ** piety under Elyvilon
  3048 | D:4      | Found a staircase to the Ecumenical Temple.
  3200 | D:4      | Found a shadowy altar of Dithmenos.
  3226 | D:4      | Reached XP level 7. HP: 53/54 MP: 8/8
  3394 | Temple   | Entered the Ecumenical Temple
  3439 | Temple   | Fell from the grace of Elyvilon
  3439 | Temple   | Became a worshipper of Zin the Law-Giver
  3439 | Temple   | Reached * piety under Zin
  3439 | Temple   | Reached ** piety under Zin
  3491 | D:5      | Entered Level 5 of the Dungeon
  3825 | D:5      | Slain by a gnoll

Illustrated notes

Levels and vault maps discovered:
D:1:      dpeg_arrival_water_temple_mockup, layout_rooms, minmay_misc_feat_chi,
          chequers_serial_rivers_small_b, chequers_mini_garden,
          roderic_roman_lattice, roderic_serpentine_path
D:2:      layout_loops_ring, hellmonk_ecumenical_altar_crossroads
D:3:      layout_rooms, nicolae_overflow_crystal_walls, xom_butterflies,
          old_standard_altar, portal_sewer_entry_b, nicolae_the_louvre
D:4:      layout_basic, kennysheep_little_box, mainiacjoe_overflow_paths,
          minmay_temple_entry_hall
D:5:      layout_rooms, mainiacjoe_overflow_small_starburst, serial_glass,
          glass_columns_b, glass_columns_c
Temple:   nicolae_temple_superstar

Skill      XL: |  1  2  3  4  5  6  7 |
---------------+----------------------+-----
Invocations    | 1 2 |  2.3
Evocations     | 1 |  1.9
Dodging        | 1 2 |  2.1
Fighting       | 4 |  4.5
Shields        | 4 |  4.5
Axes           | 3 |  3.2
Armour         | |  3.7

Action                     |  1- 3 |  4- 6 |  7- 9 || total
---------------------------+-------+-------+-------++-------
  Melee: War axe           |    94 |   176 |    17 ||   287
 Invoke: Recite            |       |       |     1 ||     1
         Vitalisation      |       |       |     1 ||     1
    Use: Scroll            |       |    11 |     4 ||    15
         Potion            |       |     2 |     2 ||     4
 Armour: Scale mail        |    74 |   178 |    41 ||   293
  Dodge: Dodged            |    49 |   133 |    28 ||   210
  Block: Buckler           |    25 |    66 |    13 ||   104

Table legend: (Time is in decaauts)
 A = Elapsed time spent in this place.
 B = Non-inter-level travel time spent in this place.
 C = Inter-level travel time spent in this place.
 D = Time resting spent in this place.
 E = Time spent auto-exploring this place.
 F = Levels seen in this place.
 G = Mean time per level.
                   A        B        C        D        E       F      G
               +--------+--------+--------+--------+--------+-----+--------+
         Total |   3984 |   3734 |    250 |    184 |   2563 |   7 |  569.1 |
       Dungeon |   3300 |   3079 |    221 |      0 |   2365 |   5 |  660.0 |
        Temple |     73 |     45 |     28 |      0 |      0 |   1 |   73.0 |
         Sewer |    609 |    609 |      0 |    184 |    197 |   1 |  609.0 |
               +--------+--------+--------+--------+--------+-----+--------+

Top non-repeatable levels by time:
     D:4: 858 daAuts
     D:2: 780 daAuts
     D:3: 663 daAuts
     D:1: 647 daAuts
   Sewer: 609 daAuts
     D:5: 350 daAuts
  Temple: 73 daAuts
